 Dungeon Crawl Stone Soup version 0.18-a0-1702-gd20c6a5 (webtiles) character file.

167 Ratboiler the Twirler (level 5, 0/28 HPs)
             Began as a Deep Elf Wanderer on Apr 6, 2016.
             Was an Initiate of Gozag.
             Slain by a centaur
             ... wielding a cursed -3 shortbow
              (8 damage)
             ... on level 5 of the Dungeon.
             The game lasted 00:12:45 (5226 turns).

Ratboiler the Twirler (Deep Elf Wanderer)           Turns: 5226, Time: 00:12:46

Health: 0/28       AC:  7    Str: 11    XL:     5   Next: 23%
Magic:  13/13      EV:  9    Int: 16    God:    Gozag
Gold:   479        SH:  0    Dex: 18    Spells: 3 memorised, 8 levels left

rFire  . . .     SeeInvis .     a - +0 quarterstaff
rCold  . . .     Gourm    .     o - +0 ring mail
rNeg   . . .     Faith    .     (shield currently unavailable)
rPois  .         Spirit   .     (no helmet)
rElec  .         Dismiss  .     (no cloak)
rCorr  .         Reflect  .     (no gloves)
SustAt .         Harm     .     q - +1 pair of boots
MR     .....                    (no amulet)
Stlth  ++........               (no ring)
                                e - +4 ring of strength

@: exhausted, slowed, very slow, not resistant to hostile enchantments,
unstealthy
A: no striking features
a: Potion Petition, Call Merchant, Bribe Branch, Renounce Religion


You were on level 5 of the Dungeon.
You worshipped Gozag.
Gozag was noncommittal.
You were not hungry.

You visited 1 branch of the dungeon, and saw 5 of its levels.

You collected 479 gold pieces.

Inventory:

Hand Weapons
 a - a +0 quarterstaff (weapon)
 b - a -1 blowgun
Missiles
 f - 4 needles of sleeping
 g - 37 stones (quivered)
 x - 9 poisoned needles
Armour
 o - a +0 ring mail (worn)
 q - a +1 pair of boots (worn)
Jewellery
 e - a +4 ring of strength (left hand)
Wands
 p - a wand of iceblast (0/15)
 u - a wand of enslavement (9/24)
Scrolls
 d - a scroll of enchant weapon {unknown}
 i - 2 scrolls of teleportation {unknown}
 j - a scroll of random uselessness {unknown}
 m - a scroll of fear
 s - a scroll of blinking {unknown}
 y - 2 scrolls of recharging {unknown}
 D - 2 scrolls of remove curse
Potions
 h - 3 potions of heal wounds
 l - 6 potions of curing
 n - a potion of might {unknown}
 t - a potion of invisibility
 C - a potion of mutation
 E - a potion of haste
Books
 c - Sif Muna's Reference Book on Beguiling

   Spells                             Type                      Level
   a - Corona                         Hexes                        1
   b - Confuse                        Hexes                        3
 w - a book of Minor Magic

   Spells                             Type                      Level
   a - Magic Dart                     Conjuration                  1
   b - Blink                          Translocation                2
   c - Call Imp                       Summoning                    2
   d - Repel Missiles                 Charms/Air                   2
   e - Slow                           Hexes                        2
   f - Conjure Flame                  Conjuration/Fire             3
   g - Mephitic Cloud                 Conjuration/Poison/Air       3
Comestibles
 r - a fruit
 z - a meat ration
 A - a beef jerky


   Skills:
 + Level 5.2 Staves
 - Level 4.8 Stealth
 - Level 4.4 Spellcasting
 - Level 1.1 Conjurations
   Level 1.1 Translocations


You had 8 spell levels left.
You knew the following spells:

 Your Spells              Type           Power        Failure   Level  Hunger
a - Corona                Hex            #......      38%         1    None
b - Repel Missiles        Chrm/Air       #.....       65%         2    ##.....
c - Magic Dart            Conj           #...         28%         1    None


Dungeon Overview and Level Annotations

Branches:
Dungeon (5/15)
 Temple: D:4-7

Altars:
Dithmenos
Gozag
Kikubaaqudgha
Okawaru
Ru
The Shining One


Message History

Your ring mail prevents you from hitting the centaur.
You sock the centaur!
The centaur is heavily wounded.
The centaur hits you but does no damage.
You sock the centaur!
The centaur is severely wounded.
You are no longer berserk.
You are exhausted.
You feel yourself slow down. The centaur hits you with a shortbow.
You hit the centaur.
The centaur is almost dead.
The centaur hits you but does no damage. x2
You closely miss the centaur.
The centaur is almost dead.
The centaur closely misses you. The centaur hits you with a shortbow!
* * * LOW HITPOINT WARNING * * *
The centaur hits you with a shortbow!
You die...
Your body crumbles into a pile of gold.

...............,*,,,,,,,,*
................*,,,,,,,,*
................########**
###+###'########.......>,********
*,,,,*...,,#...#.......?,,,,,,,,*
*,,,,*,...,#...#........,,,,,,,,*
*,,,,*,....#...#........,,,,,,,,*
*,,,,*,....#..(#........,,,,,,,,*
*,,,,*,....#...(@c......,,,,,,,,*
+,,,,*,,,,,#...#.....>..,,,,,,,,*
**,,**,,,**#...#........,,,,,,,,*
**,,****+*####'####.....,,,,,,,,*
,*,$,,,,,,+.......#.....,****,,**
,*,,,,,,,,#..<....#,....,*****,**
,*,,,,,,,,#.......#,,...,,,,,,,,,
**,,,,**,*###.....#,,...,*******,
**,,,,**,***#.....#,,,,,,*≈≈≈≈≈*,


You could see a centaur.

Vanquished Creatures
  A scorpion (D:4)
  2 adders (D:4)
  An ooze (D:3)
  An adder skeleton (D:4)
  3 worms
  2 dart slugs
  6 giant geckos
  5 orcs
  5 bats
  2 giant cockroaches (D:4)
  5 hobgoblins
  3 jackals (D:2)
  2 quokkas
  3 ball pythons
  6 giant newts
  5 goblins
  12 kobolds
  10 rats
74 creatures vanquished.

Vanquished Creatures (others)
  A plant (D:2)
1 creature vanquished.

Grand Total: 75 creatures vanquished

Notes
Turn   | Place    | Note
--------------------------------------------------------------
     0 | D:1      | Ratboiler the Deep Elf Wanderer began the quest for the Orb.
     0 | D:1      | Ratboiler set off with: a book of Minor Magic, a +0 quarterstaff, Sif Muna's Reference Book on Beguiling, a +0 robe, a +0 dagger, a bread ration
     0 | D:1      | Reached XP level 1. HP: 10/10 MP: 7/7
     0 | D:1      | Identified Sif Muna's Reference Book on Beguiling
   466 | D:1      | Learned a level 1 spell: Corona
   509 | D:1      | Reached skill level 2 in Staves
   520 | D:1      | Reached XP level 2. HP: 11/15 MP: 9/9
  1229 | D:2      | Learned a level 2 spell: Repel Missiles
  1705 | D:1      | Learned a level 1 spell: Magic Dart
  1739 | D:2      | Found a faded altar to an unknown god.
  1747 | D:2      | Became a worshipper of Gozag Ym Sagoz the Greedy
  2084 | D:2      | Reached skill level 3 in Staves
  2084 | D:2      | Reached XP level 3. HP: 19/19 MP: 10/10
  2177 | D:2      | Found a glowing golden altar of the Shining One.
  2284 | D:2      | Found a sacrificial altar of Ru.
  2606 | D:3      | Found an opulent altar of Gozag.
  3086 | D:3      | Found an iron altar of Okawaru.
  3212 | D:3      | Reached XP level 4. HP: 23/24 MP: 12/12
  3646 | D:3      | Found an ancient bone altar of Kikubaaqudgha.
  3760 | D:3      | Reached skill level 4 in Staves
  4170 | D:4      | Noticed a phantom
  4609 | D:4      | Reached skill level 5 in Staves
  4609 | D:4      | Reached XP level 5. HP: 24/28 MP: 13/13
  4702 | D:4      | Found a shadowy altar of Dithmenos.
  4729 | D:4      | Noticed an ogre
  5026 | D:5      | Entered Level 5 of the Dungeon
  5045 | D:5      | Noticed a centaur
  5093 | D:5      | Noticed a phantom
  5226 | D:5      | Slain by a centaur

Vault maps used:
D:1:      mainiacjoe_arrival_reflecting_pool
D:2:      nicolae_overflow_crystal_walls, nicolae_ru_path_of_blood,
          ecumenical_altar_2, serial_forest, infiniplex_forest_lined_ring,
          infiniplex_forest_clump_long, infiniplex_forest_corner_1,
          infiniplex_forest_end_2, infiniplex_forest_end_1,
          infiniplex_forest_straight_2, infiniplex_forest_lined_room_,
          infiniplex_forest_clump_curved, infiniplex_forest_straight_2
D:3:      lemuel_round_altar, kiku_gazebo_garden_becter, lemuel_round_altar,
          first_bread
D:4:      minmay_opposing_rooms, nicolae_dithmenos_shadow_blocks,
          lemuel_zombie_altar_yredelemnul, corexii_shack
D:5:      marbit_many_paths, gammafunk_temple_overflow_forgotten,
          gup_sewer_entry_glass

Skill      XL: |  1  2  3  4 |
---------------+-------------+-----
Staves         | 2 3 5 |  5.2
Stealth        | |  4.8
Spellcasting   | |  4.4
Conjurations   | |  1.1
Translocations | |  1.1

Action                   |  1- 3 |  4- 6 || total
-------------------------+-------+-------++-------
Melee: Quarterstaff      |   171 |    70 ||   241
 Fire: Blowgun           |       |     9 ||     9
Throw: Stone             |       |     3 ||     3
 Cast: Corona            |     2 |       ||     2
       Repel Missiles    |     1 |       ||     1
Evoke: Wand              |     1 |       ||     1
  Use: Scroll            |     4 |     8 ||    12
       Potion            |       |     2 ||     2
 Stab: Sleeping          |    11 |     3 ||    14
  Eat: Chunk             |     3 |       ||     3
       Bread ration      |     1 |     1 ||     2
       Fruit             |       |     3 ||     3
